 Dungeon Crawl Stone Soup version 0.25-a0-339-gb37b713 (webtiles) character file.

Game seed: 9894359930625962028, levelgen mode: deterministic

577 Birdy the Slasher (level 7, -1/44 HPs)
             Began as a Tengu Gladiator on Dec 28, 2019.
             Slain by an orc
             ... wielding a +0 mace
              (9 damage)
             ... on level 4 of the Dungeon.
             The game lasted 00:07:37 (4023 turns).

Birdy the Slasher (Tengu Gladiator)                 Turns: 4023, Time: 00:07:38

Health: -1/44      AC:  4    Str: 16    XL:     7   Next: 35%
Magic:  8/8        EV: 20    Int:  8    God:
Gold:   134        SH:  0    Dex: 16    Spells: 6/6 levels left

rFire    . . .     SeeInvis .   a - +0 long sword
rCold    . . .     Gourm    .   (no shield)
rNeg     . . .     Faith    .   b - +0 leather armour
rPois    .         Spirit   .   c - +0 hat
rElec    .         Reflect  .   p - scarf {repulsion}
rCorr    .         Harm     .   h - +0 pair of gloves
MR       .....                  (boots unavailable)
Stlth    +.........             (no amulet)
HPRegen  0.14/turn              o - +3 ring of evasion
MPRegen  0.11/turn              (no ring)

@: flying quickly and evasively, repel missiles, quick
A: beak, talons 3, able to fly
a: Stop Flying


You were on level 4 of the Dungeon.
You were near starving.

You visited 1 branch of the dungeon, and saw 4 of its levels.
You also visited: Sewer.

You collected 134 gold pieces.

Inventory:

Hand Weapons
 a - a +0 long sword (weapon)
Missiles
 d - 4 throwing nets
 e - 3 silver javelins (quivered)
Armour
 b - a +0 leather armour (worn)
 c - a +0 hat (worn)
 h - a +0 pair of gloves (worn)
 p - a scarf of repulsion (worn)
Jewellery
 o - a +3 ring of evasion (left hand)
Wands
 l - a wand of enslavement (11)
Scrolls
 g - 2 scrolls of teleportation
 j - a scroll of fog {unknown}
 m - a scroll of blinking
Potions
 i - a potion of resistance
 k - 2 potions of brilliance
 n - a potion of flight
Comestibles
 f - 12 rations


   Skills:
 + Level 4.7 Fighting
 * Level 5.0 Long Blades
 - Level 2.0 Throwing
 - Level 4.0 Armour
 * Level 5.0 Dodging


You had 6 spell levels left.
You didn't know any spells.
Your spell library was empty.

Dungeon Overview and Level Annotations

Branches:
Dungeon (4/15)              Sewer (visited)
 Temple: D:4-7

Altars:
Fedhas
Trog
Yredelemnul


Innate Abilities, Weirdness & Mutations

You have a beak for a mouth.
You have claws for feet.
You can fly continuously.


Message History

The magic dart hits you! The orc misses you.
You riposte.
You hit the orc.
You kill the orc!
The orc barely misses you.
Unknown command.
You hit the orc wizard.
You kill the orc wizard!
Your Long Blades skill increases to level 5!
Your Dodging skill increases to level 5!
The orc priest invokes the aid of Beogh against you.
Pain shoots through your body!
* * * LOW HITPOINT WARNING * * *
The orc barely misses you.
You riposte.
You hit the orc.
The orc is heavily wounded.
Okay, then.
Things that are here:
a +0 ring mail; a ration You slash the orc priest!
Your peck misses the orc priest.
The orc priest is heavily wounded.
The orc hits you with a +0 mace!
You die...

###.#.....♣♣♣P.♣
#.....#PP.♣♣.P♣≈
#.#......P♣.P.♣♣
###.#.#..P♣♣..P.P.
#...#....♣♣♣♣..♣..
#.####.♣.♣♣.P.♣P..
#####.#
###...P..♣...
#...))#
#♣.♣..♣..♣.
#...o@# ♣P..♣♣..).
#...#o#
♣..PP♣P...♣
#.#.#..
♣♣♣.P.♣..P♣♣
...#.#..#
..♣P♣♣♣.P.♣♣ ### #
#... #...♣♣P.♣.♣
##... #.....P.♣♣♣
... ..>.#...♣
#..#### #####


You could see an orc priest and an orc.

Vanquished Creatures
  A centaur (D:4)
  2 bullfrogs (Sewer)
  A bullfrog zombie (D:2)
  4 orc wizards
  2 orc priests (D:4)
  A worker ant (D:4)
  2 gnolls (D:4)
  3 adders (D:3)
  A worm (D:3)
  A dart slug (D:3)
  10 leopard geckos
  6 orcs
  2 bat zombies (D:1)
  10 giant cockroaches
  6 goblins
  3 hobgoblins
  4 jackals (D:1)
  3 kobolds
  6 quokkas
  4 ball pythons
  6 bats
  9 frilled lizards
  6 rats
93 creatures vanquished.

Vanquished Creatures (others)
  2 plants (D:4)
2 creatures vanquished.

Grand Total: 95 creatures vanquished

Notes
Turn   | Place    | Note
-------+----------+-------------------------------------------
     0 | D:1      | Birdy the Tengu Gladiator began the quest for the Orb.
     0 | D:1      | Reached XP level 1. HP: 12/12 MP: 2/2
   143 | D:1      | Reached XP level 2. HP: 13/17 MP: 3/3
   919 | D:2      | Reached XP level 3. HP: 19/21 MP: 4/4
   935 | D:2      | Found a faded altar of an unknown god.
  1045 | D:2      | Reached XP level 4. HP: 20/27 MP: 5/5
  1598 | D:2      | Found a bloodstained altar of Trog.
  1751 | D:3      | Reached skill level 1 in Armour
  1759 | D:3      | Gained mutation: You can fly continuously. [Tengu growth]
  1759 | D:3      | Reached XP level 5. HP: 19/32 MP: 6/6
  2128 | D:3      | Found a glowing drain.
  2176 | Sewer    | Entered a sewer
  2345 | Sewer    | Reached XP level 6. HP: 17/38 MP: 7/7
  3095 | D:4      | Found a blossoming altar of Fedhas.
  3233 | D:4      | Found a basalt altar of Yredelemnul.
  3268 | D:4      | Reached XP level 7. HP: 4/44 MP: 8/8
  4021 | D:4      | Reached skill level 5 in Long Blades
  4021 | D:4      | Reached skill level 5 in Dodging
  4023 | D:4      | Slain by an orc

Levels and vault maps discovered:
D:1:      saegor_arrival_fortress, layout_basic, minmay_misc_feat_columns,
          hex_tiny
D:2:      layout_basic, lightli_temple_of_fire,
          chequers_ecumenical_altar_simple, first_ration
D:3:      layout_basic, gup_sewer_entry_glass
D:4:      wad_woods_stonehenge, layout_basic, fedhas_ov_isle_minmay

Skill      XL: |  1  2  3  4  5  6  7 |
---------------+----------------------+-----
Long Blades    | 4 5 |  5.0
Dodging        | 4 5 |  5.0
Armour         | 2 4 |  4.0
Fighting       | 3 4 |  4.7
Throwing       | |  2.0

Action                   |  1- 3 |  4- 6 |  7- 9 || total
-------------------------+-------+-------+-------++-------
Melee: Long sword        |    44 |   126 |    19 ||   189
       Kick              |    15 |    48 |    13 ||    76
       Peck              |    10 |    23 |     4 ||    37
 Abil: Fly               |       |     1 |       ||     1
  Use: Scroll            |     3 |     4 |     2 ||     9
       Potion            |     2 |     2 |       ||     4
 Stab: Sleeping          |     1 |     1 |     1 ||     3
  Eat: Chunk             |       |     7 |     1 ||     8
Armor: Leather armour    |    18 |    20 |     1 ||    39
Dodge: Dodged            |    44 |   126 |    25 ||   195
       Rpst.: Long sword |    15 |    39 |    10 ||    64

Table legend:
 A = Non-vault XP
 B = Vault XP
 C = Vault XP percentage of total XP
 D = Non-vault monster count
 E = Vault monster count
 F = Vault count percentage of total count
                 A         B        C        D         E       F
            +---------+---------+-------+---------+---------+-------
      Total |     533 |     292 |  35.4 |      59 |      34 |  36.6
            +---------+---------+-------+---------+---------+-------
        D:1 |      17 |       4 |  19.0 |      10 |       2 |  16.7
        D:2 |      70 |       0 |   0.0 |      17 |       0 |   0.0
        D:3 |     157 |      42 |  21.1 |      20 |       4 |  16.7
        D:4 |     289 |      39 |  11.9 |      12 |       7 |  36.8
      Sewer |       0 |     207 | 100.0 |       0 |      21 | 100.0
            +---------+---------+-------+---------+---------+-------
